AoeStats
← chewie1706

Hill Fort

505249926Analyzed
4v4 RM · 24d ago on Sep 8, 2026· 63m 54s· 8 players
Game mode
Random Map
Map size
Large (8 player)
Population
200
Speed
Normal
Resources
Standard
Victory
Conquest
Starting age
Dark Age
Ending age
Imperial Age
RankedLock teamsTeams togetherTeam positionsShared explorationLock speedFull tech treeHidden civsTurbo modeCheats
Victory
Defeat
🇫🇷 Tatars · France
1512
+12
🇫🇷 Byzantines · France
1495
+12
🇫🇷 Aztecs · France
1365
+18
🇨🇭 Vikings · Switzerland
1306
+20
🇩🇪 Slavs · Germany
1434
-17
🇺🇿 Armenians · Uzbekistan
1431
-16
🇻🇳 Berbers · Vietnam
1399
-15
🇹🇷 Teutons · Türkiye
1362
-14
From Dust
6:46 Loom
9:10 Feudal Age
10:57 Fletching
Vàng Ai Nấy Đào
10:35 Feudal Age
11:05 Double-Bit Axe
11:13 Horse Collar
12:14 Loom
13:35 Wheelbarrow
14:24 Loom
14:39 Loom
15:05 Loom
18:09 Castle Age
19:11 Bow Saw
19:04 Town Watch
20:42 Husbandry
21:39 Heavy Plow
21:56 Fletching
23:17 Hand Cart
23:20 Padded Archer Armor
23:14 Gold Mining
24:11 Bodkin Arrow
24:38 Bloodlines
26:07 Town Patrol
27:25 Ballistics
27:24 Stone Mining
28:34 Leather Archer Armor
31:03 Scale Barding Armor
34:38 Gold Shaft Mining
36:53 Imperial Age
35:34 Chain Barding Armor
36:58 Heavy Camel Rider
37:48 Bracer
38:45 Conscription
41:40 Masonry
42:01 Kasbah
43:21 Ring Archer Armor
43:33 Plate Barding Armor
44:00 Elite Skirmisher
47:57 Forging
47:11 Light Cavalry
50:44 Forging
51:05 Ring Archer Armor
50:48 Forging
51:14 Crop Rotation
51:43 Stone Shaft Mining
52:33 Thumb Ring
52:13 Treadmill Crane
55:00 Hoardings
57:20 Squires
61:02 Cavalier
61:06 Hussar
63:49 Chemistry
62:55 Murder Holes
63:14 Fortified Wall
63:02 Murder Holes
karbid
10:26 Feudal Age
11:31 Loom
15:23 Castle Age
13:37 Horse Collar
14:23 Double-Bit Axe
15:34 Wheelbarrow
19:41 Hand Cart
21:21 Man-at-Arms
22:30 Long Swordsman
22:56 Gambesons
24:12 Heavy Plow
24:31 Forging
24:18 Town Watch
24:44 Squires
25:01 Two-Handed Swordsman
25:27 Arson
33:42 Bow Saw
35:41 Ballistics
35:17 Murder Holes
35:33 Masonry
35:57 Fletching
40:02 Imperial Age
38:14 Champion
40:20 Iron Casting
39:45 Scale Mail Armor
41:50 Hoardings
43:35 Chemistry
42:23 Capped Ram
43:03 Gold Mining
44:11 Chain Mail Armor
45:02 Gold Shaft Mining
46:15 Blast Furnace
45:46 Plate Mail Armor
47:21 Fereters
47:22 Siege Ram
Tsunade
10:52 Feudal Age
12:19 Double-Bit Axe
15:13 Castle Age
13:02 Horse Collar
15:00 Bloodlines
15:35 Scale Barding Armor
15:49 Loom
16:15 Bow Saw
21:37 Wheelbarrow
21:20 Town Watch
22:21 Forging
24:58 Hand Cart
24:44 Gold Mining
25:19 Chain Barding Armor
25:03 Husbandry
29:53 Iron Casting
32:12 Gold Shaft Mining
35:07 Imperial Age
33:49 Stone Mining
36:36 Plate Barding Armor
36:29 Detinets
36:50 Conscription
37:32 Blast Furnace
36:42 Elite Boyar
37:54 Fletching
40:12 Two-Man Saw
39:15 Heavy Plow
40:39 Hoardings
40:03 Murder Holes
40:29 Ballistics
40:20 Masonry
40:07 Bodkin Arrow
43:09 Town Patrol
45:24 Coinage
54:26 Siege Engineers
55:21 Chemistry
54:29 Siege Engineers
59:00 Light Cavalry
59:42 Hussar
63:18 Scale Mail Armor
62:41 Pikeman
63:21 Squires
63:23 Druzhina
chewie1706
11:18 Feudal Age
10:31 Loom
16:02 Castle Age
15:02 Double-Bit Axe
19:47 Horse Collar
23:32 Wheelbarrow
26:54 Bow Saw
26:51 Heavy Plow
39:10 Imperial Age
36:38 Stone Mining
36:38 Gold Mining
38:00 Fletching
39:16 Bodkin Arrow
39:43 Padded Archer Armor
40:18 Bracer
39:46 Crossbowman
41:03 Leather Archer Armor
41:24 Ballistics
42:04 Chemistry
41:38 Thumb Ring
42:50 Ring Archer Armor
42:12 Arbalester
43:21 Conscription
44:39 Stone Shaft Mining
44:39 Gold Shaft Mining
45:19 Hand Cart
47:10 Two-Man Saw
49:43 Crop Rotation
48:58 Treadmill Crane
49:17 Murder Holes
49:33 Fortified Wall
55:51 Pikeman
56:31 Squires
56:16 Arson
58:00 Scale Mail Armor
58:11 Forging
58:04 Halberdier
59:46 Chain Mail Armor
60:07 Iron Casting
61:52 Plate Mail Armor
63:38 Gambesons
AGS.Grimnel
5:14 Loom
12:08 Feudal Age
16:46 Double-Bit Axe
22:34 Castle Age
26:09 Bow Saw
25:40 Horse Collar
29:23 Town Watch
30:49 Heavy Plow
31:22 Pikeman
32:12 Scale Mail Armor
35:33 Imperial Age
33:24 Chain Mail Armor
34:13 Squires
34:25 Forging
35:01 Fletching
35:48 Iron Casting
37:04 Plate Mail Armor
37:55 Crop Rotation
38:26 Two-Man Saw
37:41 Bodkin Arrow
37:47 Padded Archer Armor
39:22 Bracer
40:04 Leather Archer Armor
41:43 Chemistry
40:55 Masonry
41:10 Ballistics
41:13 Conscription
40:57 Chieftains
42:46 Blast Furnace
41:20 Crossbowman
42:10 Town Patrol
43:38 Ring Archer Armor
42:57 Arbalester
44:08 Gold Mining
44:43 Arson
54:44 Bogsveigar
Babifort
8:39 Loom
10:25 Feudal Age
15:34 Castle Age
13:57 Double-Bit Axe
14:28 Horse Collar
15:28 Scale Mail Armor
16:06 Forging
16:53 Eagle Warrior
19:07 Chain Mail Armor
23:22 Iron Casting
25:54 Wheelbarrow
26:50 Pikeman
32:10 Fletching
34:52 Bodkin Arrow
35:17 Squires
37:03 Heavy Plow
38:37 Hand Cart
41:47 Imperial Age
43:51 Blast Furnace
43:22 Plate Mail Armor
42:13 Elite Eagle Warrior
45:23 Bow Saw
45:47 Crop Rotation
47:08 Bracer
48:07 Ballistics
47:53 Siege Engineers
50:21 Garland Wars
52:58 Town Watch
59:27 Conscription
62:43 Arson
AGS.BlackKnight
10:44 Feudal Age
14:34 Castle Age
13:04 Horse Collar
14:08 Double-Bit Axe
14:55 Loom
15:36 Bow Saw
20:05 Wheelbarrow
20:16 Wheelbarrow
19:52 Town Watch
21:08 Heavy Plow
22:47 Gold Mining
23:20 Stone Mining
25:36 Hand Cart
25:47 Scale Barding Armor
26:05 Fletching
27:58 Chain Barding Armor
28:25 Forging
28:10 Bodkin Arrow
28:40 Bloodlines
28:31 Husbandry
29:19 Ballistics
32:52 Imperial Age
31:51 Iron Casting
31:51 Masonry
32:55 Elite Keshik
34:25 Plate Barding Armor
34:49 Conscription
36:51 Blast Furnace
37:12 Light Cavalry
37:56 Silk Armor
37:53 Hussar
38:56 Bracer
40:34 Padded Archer Armor
41:46 Chemistry
40:53 Siege Engineers
40:45 Murder Holes
41:47 Leather Archer Armor
43:38 Ring Archer Armor
42:53 Heavy Cavalry Archer
45:07 Crop Rotation
46:33 Coinage
46:13 Guilds
49:09 Town Patrol
51:10 Banking
55:36 Timurid Siegecraft
55:12 Treadmill Crane
Connection lost

Rejoining the realm…

Still unreachable

The connection could not be restored.

Session expired

The server has moved on; the page needs a fresh start.